 Dungeon Crawl Stone Soup version 0.17-a0-15-g0155121 (webtiles) character file.

350 Psiweapon the Sneak (level 6, 0/35 HPs)
             Began as a Kobold Hunter on Mar 5, 2015.
             Slain by an ogre
             ... wielding a +0 giant spiked club
              (17 damage)
             ... on level 4 of the Dungeon.
             The game lasted 00:13:41 (3130 turns).

Psiweapon the Sneak (Kobold Hunter)                 Turns: 3130, Time: 00:13:41

Health: 0/35       AC:  2    Str: 11    XL:     6   Next: 92%
Magic:  6/6        EV: 15    Int:  9    God:
Gold:   161        SH:  0    Dex: 18    Spells: 0 memorised, 5 levels left

rFire  . . .     SeeInvis .     b - +1 hand crossbow
rCold  . . .     Clarity  +     d - +0 leather armour
rNeg   . . .     SustAb   .     (no shield)
rPois  .         Gourm    .     (no helmet)
rElec  +         Spirit   .     w - +0 cloak (curse)
rCorr  .         Warding  .     (no gloves)
rMut   .         Stasis   .     (no boots)
MR     .....                    h - amulet of clarity
Stlth  ++++......               (no ring)
                                (no ring)

@: not resistant to hostile enchantments, stealthy
A: hooves 1, carnivore 3, deformed body, electricity resistance
a: no special abilities


You were on level 4 of the Dungeon.
You were full.

You visited 1 branch of the dungeon, and saw 4 of its levels.

You collected 161 gold pieces.

Inventory:

Hand weapons
 a - a +0 short sword
 b - a +1 hand crossbow (weapon)
 e - a +0 vampiric short sword
 k - a +1 dagger of flaming
 t - a +0 blowgun
 v - a +2 short sword of flaming
Missiles
 c - 45 bolts (quivered)
 i - 11 tomahawks
 u - 11 poisoned needles
Armour
 d - a +0 leather armour (worn)
 w - a cursed +0 cloak (worn)
Jewellery
 h - an amulet of clarity (around neck)
Scrolls
 g - 2 scrolls of magic mapping {unknown}
 l - a scroll of identify {unknown}
 n - a scroll of remove curse {unknown}
 p - 2 scrolls of immolation {unknown}
Potions
 j - a potion of lignification {unknown}
 m - 3 potions of cancellation {unknown}
 o - a potion of heal wounds {unknown}
 q - a potion of brilliance {unknown}
 r - a potion of restore abilities {unknown}
 s - 2 potions of flight {unknown}
Comestibles
 f - a meat ration


   Skills:
 - Level 2.1 Fighting
 + Level 3.1 Short Blades
 + Level 5.9 Crossbows
 - Level 2.4 Dodging
 - Level 7.6 Stealth


You had 5 spell levels left.
You didn't know any spells.

Dungeon Overview and Level Annotations

Branches:
Dungeon (4/15)
 Temple: D:4-7

Altars:
Fedhas
Trog


Innate Abilities, Weirdness & Mutations

You are small and have problems with some larger weapons.
You are carnivorous and can eat meat at any time.
You have large cloven feet.
Armour fits poorly on your strangely shaped body.
You are resistant to electric shocks.


Message History

The ogre shouts!
Firing (i - inventory. (,) - cycle):
c - 48 bolts (quivered)
Press: ? - help, Shift-Dir - straight line, f - ogre
Aim: an ogre, wielding a giant spiked club You shoot a bolt.
The bolt hits the ogre.
The ogre is lightly wounded.
Firing (i - inventory. (,) - cycle):
c - 47 bolts (quivered)
Press: ? - help, Shift-Dir - straight line, f/p - ogre
Aim: an ogre, wielding a giant spiked club (lightly wounded)
You shoot a bolt.
The bolt hits the ogre but does no damage.
The ogre is lightly wounded.
The ogre hits you with a giant spiked club!!
Ouch! That really hurt!
Firing (i - inventory. (,) - cycle):
c - 46 bolts (quivered)
Press: ? - help, Shift-Dir - straight line, f/p - ogre
Aim: an ogre, wielding a giant spiked club (lightly wounded)
You shoot a bolt. The bolt barely misses the ogre.
The ogre hits you with a giant spiked club!
You die...

## . #. .####. .###
###. ....# ##
#...###.. ##...# ##.
#....O# ###....###..
#..@## ##.......#...
#....###............
#...................
#...................
#.........)..###....
##...._....### #...#
#.......### #...#
#......## #...#
#.......# #...#


You could see an ogre.

Vanquished Creatures
  A sky beast (D:3)
  An ogre (D:4)
  5 adders
  2 gnolls
  3 worms (D:2)
  A giant gecko (D:3)
  3 orcs (D:3)
  A bat skeleton (D:4)
  9 giant cockroaches
  12 goblins
  5 hobgoblins
  8 jackals
  8 kobolds
  2 quokkas (D:3)
  4 bats
  7 giant newts
  9 rats
81 creatures vanquished.

Notes
Turn   | Place    | Note
--------------------------------------------------------------
     0 | D:1      | Psiweapon, the Kobold Hunter, began the quest for the Orb.
     0 | D:1      | Reached XP level 1. HP: 12/12 MP: 1/1
   203 | D:1      | Reached XP level 2. HP: 14/17 MP: 2/2
   357 | D:1      | Reached XP level 3. HP: 21/21 MP: 3/3
  1194 | D:2      | Reached skill level 5 in Stealth
  1194 | D:2      | Reached XP level 4. HP: 26/26 MP: 4/4
  1926 | D:3      | Noticed a sky beast
  1937 | D:3      | Killed a sky beast
  1937 | D:3      | Reached skill level 7 in Stealth
  1937 | D:3      | Reached XP level 5. HP: 20/30 MP: 5/5
  1942 | D:3      | Gained mutation: You have large cloven feet. [mutagenic meat]
  1943 | D:3      | Gained mutation: You are resistant to electric shocks. [mutagenic meat]
  1944 | D:3      | Gained mutation: Armour fits poorly on your strangely shaped body. [mutagenic meat]
  2005 | D:3      | Reached skill level 5 in Crossbows
  2005 | D:3      | Reached XP level 6. HP: 29/35 MP: 6/6
  2075 | D:3      | Reached skill level 1 in Short Blades
  2487 | D:3      | Found a blossoming altar of Fedhas.
  3079 | D:4      | Found a bloodstained altar of Trog.
  3130 | D:4      | Slain by an ogre

Action                   |  1- 3 |  4- 6 || total
-------------------------+-------+-------++-------
Melee: Short sword       |    16 |   117 ||   133
       Dagger            |    19 |     6 ||    25
 Fire: Hand crossbow     |    46 |    74 ||   120
 Stab: Sleeping          |     4 |     1 ||     5
  Eat: Chunk             |     8 |    24 ||    32
